 Dungeon Crawl Stone Soup version 0.23-a0-143-g1adec7b (console) character file.

24 removed the Caller (level 2, 0/20 HPs)
             Began as a Demigod Summoner on Sept 6, 2018.
             Succumbed to an adder's poison
             ... on level 2 of the Dungeon.
             The game lasted 00:02:57 (1228 turns).

removed the Caller (Demigod Summoner)               Turns: 1228, Time: 00:02:57

Health: 0/20       AC:  2    Str: 11    XL:     2   Next: 60%
Magic:  5/8        EV: 18    Int: 19    God:
Gold:   20         SH:  0    Dex: 21    Spells: 3/6 levels left

rFire    . . .     SeeInvis .   a - +1 dagger (drain)
rCold    . . .     Gourm    .   (no shield)
rNeg     . . .     Faith    .   d - +0 robe
rPois    .         Spirit   .   (no helmet)
rElec    .         Reflect  .   (no cloak)
rCorr    .         Harm     .   (no gloves)
MR       .....                  (no boots)
Stlth    +++.......             (no amulet)
HPRegen  0.06/turn              (no ring)
MPRegen  0.11/turn              (no ring)

@: agile, lethally poisoned (0 -> -19)
A: high mp 1
a: no special abilities


You were on level 2 of the Dungeon.
You were very hungry.

You visited 1 branch of the dungeon, and saw 2 of its levels.

You collected 20 gold pieces.

Inventory:

Hand Weapons
 a - a +1 dagger of draining (weapon)
 f - a +0 club
 j - a +0 whip
Armour
 d - a +0 robe (worn)
Jewellery
 e - an uncursed ring of fire
Scrolls
 g - a scroll of remove curse {unknown}
 h - 2 scrolls of identify {unknown}
Comestibles
 c - a ration


   Skills:
 - Level 1.7 Dodging
 - Level 1.7 Stealth
 + Level 2.9 Spellcasting
 - Level 3.6 Summonings


You had 3 spell levels left.
You knew the following spells:

 Your Spells              Type           Power        Failure   Level  Hunger
a - Summon Small Mammal   Summ           ###.         3%          1    None
b - Call Imp              Summ           ###.....     5%          2    ##.....

Your spell library contained the following spells:

 Spells                   Type           Power        Failure   Level  Hunger
 Call Canine Familiar     Summ           ###.....     11%         3    ###....
 Summon Guardian Golem    Hex/Summ       #.......     22%         3    ###....
 Summon Ice Beast         Ice/Summ       #.......     58%         4    ####...
 Summon Lightning Spire   Summ/Air       #.......     58%         4    ####...


Dungeon Overview and Level Annotations

Branches:
Dungeon (2/15)


Innate Abilities, Weirdness & Mutations

You have an increased reservoir of magic. (+10% MP)


Message History

You miss the adder.
The adder is almost dead.
You feel sick.
Your quokka closely misses the adder.
The adder bites you.
* * * LOW HITPOINT WARNING * * *
You are more poisoned.
The adder poisons you!
Your rat bites the adder but does no damage.
You miss the adder.
The adder is almost dead.
* * * LOW HITPOINT WARNING * * *
You feel sick.
Your quokka bites the adder.
The adder dies!
Unknown command.
It was a potion of agility.
You feel agile all of a sudden.
* * * LOW HITPOINT WARNING * * *
You feel sick.
* * * LOW HITPOINT WARNING * * *
You feel sick.
You die...

#...## #.###.##
##.# ##.## #.#
##.#####.#
#.#######.......#
#......##.#######
#.....r#.##
##..⌠.r.##
#..@5.## #..!..#
#.##..# #. #...#
# ###.# .# .#


You could see a friendly crimson imp, a friendly quokka and a friendly rat.

Vanquished Creatures
  A leopard gecko (D:1)
  2 ball pythons (D:1)
  2 giant cockroaches (D:1)
  3 goblins (D:1)
  A hobgoblin (D:1)
  2 kobolds (D:1)
  4 bats (D:1)
  A rat (D:1)
16 creatures vanquished.

Vanquished Creatures (collateral kills)
  An adder (D:2)
  A hobgoblin (D:1)
  A goblin (D:1)
  A kobold (D:1)
4 creatures vanquished.

Grand Total: 20 creatures vanquished

Notes
Turn   | Place    | Note
-------+----------+-------------------------------------------
     0 | D:1      | removed the Demigod Summoner began the quest for the Orb.
     0 | D:1      | Reached XP level 1. HP: 14/14 MP: 5/5
   531 | D:1      | Reached XP level 2. HP: 17/20 MP: 6/8
   576 | D:1      | Learned a level 2 spell: Call Imp
  1227 | D:2      | HP: 1/20 [poisoned by an adder]
  1228 | D:2      | Succumbed to an adder's poison

Vault maps used:
D:1:      kennysheep_arrival_seaside, chequers_big_river, minmay_heptomino_h4
D:2:      first_ration, solitary_fountain

Skill      XL: |  1 |
---------------+----+-----
Spellcasting   | 2 |  2.9
Dodging        | |  1.7
Stealth        | |  1.7
Summonings     | |  3.6

Action                   || total
-------------------------++-------
Melee: Whip              ||    16
       Club              ||     7
       Dagger            ||    22
 Cast: Summon Small Mamm ||    10
       Call Imp          ||     1
  Use: Potion            ||     1
 Stab: Sleeping          ||     2
Armor: Robe              ||     4
Dodge: Dodged            ||    26

Table legend:
 A = Non-vault XP
 B = Vault XP
 C = Vault XP percentage of total XP
 D = Non-vault monster count
 E = Vault monster count
 F = Vault count percentage of total count
                 A         B        C        D         E       F
            +---------+---------+-------+---------+---------+-------
      Total |      33 |       2 |   5.7 |      18 |       2 |  10.0
            +---------+---------+-------+---------+---------+-------
        D:1 |      26 |       2 |   7.1 |      17 |       2 |  10.5
        D:2 |       7 |       0 |   0.0 |       1 |       0 |   0.0
            +---------+---------+-------+---------+---------+-------
